 Dungeon Crawl Stone Soup version 0.28-a0-178-ga708605c5b (webtiles) character file.

Game seed: 6185514747220967491

434 siradein the Slasher (level 7, -1/52 HPs)
             Began as a Human Fighter on Aug 18, 2021.
             Slain by a water moccasin skeleton (2 damage)
             ... on level 4 of the Dungeon.
             The game lasted 00:09:55 (4516 turns).

siradein the Slasher (Human Fighter)                Turns: 4516, Time: 00:09:56

Health: -1/52      AC: 10    Str: 19    XL:     7   Next: 20%
Magic:  7/7        EV:  9    Int:  8    God:
Gold:   76         SH:  8    Dex: 12    Spells: 6/6 levels left

rFire   . . .      SeeInvis .   a - +0 long sword
rCold   . . .      Faith    .   c - +0 kite shield
rNeg    . . .      Spirit   .   n - +1 chain mail {Will+}
rPois   .          Reflect  .   (no helmet)
rElec   .          Harm     .   (no cloak)
rCorr   .          Rampage  .   (no gloves)
Will    +....                   (no boots)
Stlth   ..........              (no amulet)
HPRegen 0.17/turn               h - +4 ring of evasion
MPRegen 0.10/turn               (no ring)

@: no status effects
A: no striking features
a: no special abilities


You were on level 4 of the Dungeon.
You visited 1 branch of the dungeon, and saw 4 of its levels.

You collected 76 gold pieces.

Inventory:

Hand Weapons
 a - a +0 long sword (weapon)
Armour
 c - a +0 kite shield (worn)
 n - a +1 chain mail of willpower (worn)
Jewellery
 h - a +4 ring of evasion (left hand)
Scrolls
 e - a scroll of summoning {unknown}
 g - a scroll of magic mapping {unknown}
 i - 4 scrolls of identify {unknown}
 j - a scroll of fear {unknown}
 l - a scroll of noise {unknown}
Potions
 b - a potion of attraction {unknown}
 d - 2 potions of might
 f - a potion of invisibility {unknown}
 k - a potion of mutation {unknown}
 m - a potion of curing {unknown}
 o - 2 potions of flight {unknown}
 p - 2 potions of magic {unknown}


   Skills:
 - Level 3.0 Fighting
 + Level 7.3 Long Blades
 - Level 3.0 Armour
 - Level 3.0 Shields


You had 6 spell levels left.
You didn't know any spells.
Your spell library contained the following spells:

 Spells                   Type           Power      Damage    Failure   Level
 Ignite Poison            Fire/Tmut/Pois 0%         N/A       100%        3
 Mephitic Cloud           Conj/Pois/Air  0%         N/A       100%        3
 Bolt of Magma            Conj/Fire/Erth 0%         4d4       100%        5


Dungeon Overview and Level Annotations

Branches:
Dungeon (4/15)
 Temple: D:4-7

Altars:

Shops:
D:1 *   D:4 [

Annotations:
D:2 Sigmund


Message History

The water moccasin skeleton is moderately damaged.
The water moccasin skeleton bites you but does no damage.
You block the water moccasin skeleton's attack.
You hit the water moccasin skeleton.
The water moccasin skeleton is heavily damaged.
The water moccasin skeleton barely misses you.
You barely miss the water moccasin skeleton.
The water moccasin skeleton is heavily damaged.
The water moccasin skeleton bites you but does no damage.
You block the water moccasin skeleton's attack.
You hit the water moccasin skeleton.
The water moccasin skeleton is heavily damaged.
The water moccasin skeleton bites you.
* * * LOW HITPOINT WARNING * * *
You hit the water moccasin skeleton.
The water moccasin skeleton is heavily damaged.
The water moccasin skeleton closely misses you.
You block the water moccasin skeleton's attack.
You closely miss the water moccasin skeleton.
The water moccasin skeleton is heavily damaged.
You block the water moccasin skeleton's attack.
You closely miss the water moccasin skeleton.
The water moccasin skeleton is heavily damaged.
The water moccasin skeleton bites you but does no damage.
The water moccasin skeleton bites you.
* * * LOW HITPOINT WARNING * * *
You slash the water moccasin skeleton!
The water moccasin skeleton is severely damaged.
The water moccasin skeleton bites you but does no damage.
The water moccasin skeleton bites you.
* * * LOW HITPOINT WARNING * * *
You hit the water moccasin skeleton.
The water moccasin skeleton is severely damaged.
The water moccasin skeleton bites you.
* * * LOW HITPOINT WARNING * * *
You slash the water moccasin skeleton!
The water moccasin skeleton is almost destroyed.
You hear the slow rusting of a very distant drain.
The water moccasin skeleton bites you.
You die...

# # #. #. .### #..
..# ###!.#.#
...8..=###########
......Z.o.......>#
...<..o#.###)###@#
..#.##.#.##.)..#Z#
...∩ ....#...#.#.#
... ...###.#..o..#
.. 8.#####.....###
.....#......####
..#.#.##.)...#
#....<.#.#
...##..###.#


You could see a water moccasin skeleton.

Vanquished Creatures
  A hound (D:4)
  2 orc priests
  Natasha (thrice) (D:1)
  A hound zombie (D:3)
  7 gnolls
  8 adders
  An ufetubus (D:4)
  A worm (D:1)
  A dart slug (D:2)
  14 orcs
  6 bats
  5 endoplasms (D:1)
  3 giant cockroaches
  10 hobgoblins
  3 jackals (D:2)
  10 kobolds
  3 quokkas
  2 ball pythons
  6 frilled lizards
  12 goblins
  5 rats
104 creatures vanquished.

Vanquished Creatures (others)
  3 plants (D:3)
3 creatures vanquished.

Grand Total: 107 creatures vanquished

Notes
Turn   | Place    | Note
-------+----------+-------------------------------------------
     0 | D:1      | siradein the Human Fighter began the quest for the Orb.
     0 | D:1      | Reached XP level 1. HP: 18/18 MP: 1/1
   245 | D:1      | Reached XP level 2. HP: 24/24 MP: 2/2
   253 | D:1      | Found Ahah Ceu's Assorted Antiques.
   301 | D:1      | Reached skill level 3 in Long Blades
   657 | D:1      | Reached XP level 3. HP: 29/29 MP: 3/3
  1310 | D:1      | Reached skill level 4 in Long Blades
  1310 | D:1      | Reached XP level 4. HP: 19/35 MP: 4/4
  1456 | D:2      | Noticed Sigmund
  1541 | D:2      | Noticed Natasha
  1569 | D:1      | Killed Natasha
  1722 | D:1      | Noticed Natasha
  1799 | D:1      | Killed Natasha
  1800 | D:1      | Reached XP level 5. HP: 19/41 MP: 5/5
  2224 | D:1      | Noticed Natasha
  2233 | D:1      | Killed Natasha
  2234 | D:1      | Reached skill level 5 in Long Blades
  2999 | D:2      | Reached XP level 6. HP: 35/47 MP: 6/6
  3286 | D:3      | Reached skill level 6 in Long Blades
  3964 | D:3      | Found a faded altar of an unknown god.
  4436 | D:4      | Reached skill level 7 in Long Blades
  4436 | D:4      | Reached XP level 7. HP: 47/52 MP: 7/7
  4462 | D:4      | Found Sicupiny's Antique Armour Shoppe.
  4515 | D:4      | HP: 1/52 [water moccasin skeleton (4)]
  4516 | D:4      | Slain by a water moccasin skeleton

Illustrated notes

Levels and vault maps discovered:
D:1:      zelgadis_glass_arrival_large, layout_loops_ring, serial_shops,
          nicolae_shop_overgrown_old_shop
D:2:      layout_loops_cross, uniq_natasha, uniq_sigmund
D:3:      corexii_shack_village, layout_rooms,
          hellmonk_ecumenical_altar_blasted, minmay_misc_feat_secret_circle,
          minmay_pentangle
D:4:      layout_basic, minmay_temple_entry_steel_oval, portal_sewer_entry_e,
          serial_shops, shop_statue, uniq_robin, uniq_duvessa

Skill      XL: |  1  2  3  4  5  6 |
---------------+-------------------+-----
Long Blades    | 3 4 5 7 |  7.3
Fighting       | |  3.0
Armour         | |  3.0
Shields        | |  3.0

Action                   |  1- 3 |  4- 6 |  7- 9 || total
-------------------------+-------+-------+-------++-------
Melee: Long sword        |    94 |   287 |    42 ||   423
Armor: Scale mail        |    53 |    45 |       ||    98
       Chain mail        |       |    65 |    27 ||    92
Dodge: Dodged            |    52 |   157 |    21 ||   230
Block: Kite shield       |    53 |   145 |    21 ||   219
       Rpst.: Long sword |    16 |    51 |     7 ||    74

Table legend: (Time is in decaauts)
 A = Elapsed time spent in this place.
 B = Non-inter-level travel time spent in this place.
 C = Inter-level travel time spent in this place.
 D = Time resting spent in this place.
 E = Time spent auto-exploring this place.
 F = Levels seen in this place.
 G = Mean time per level.
                   A        B        C        D        E       F      G
               +--------+--------+--------+--------+--------+-----+--------+
         Total |   4704 |   4653 |     51 |    708 |   2460 |   4 | 1176.0 |
       Dungeon |   4704 |   4653 |     51 |    708 |   2460 |   4 | 1176.0 |
               +--------+--------+--------+--------+--------+-----+--------+

Top non-repeatable levels by time:
     D:1: 2328 daAuts
     D:3: 1206 daAuts
     D:2: 1069 daAuts
     D:4: 100 daAuts
